 Dungeon Crawl Stone Soup version 0.24.0-28-g17ded55e90 (webtiles) character file.

Game seed: 215474099750708416, levelgen mode: deterministic

203 Delamore the Chopper (level 5, -6/67 HPs)
             Began as a Hill Orc Fighter on Nov 13, 2019.
             Killed by divine providence
             ... invoked by an orc priest
              (12 damage)
             ... on level 3 of the Dungeon.
             The game lasted 00:02:28 (2145 turns).

Delamore the Chopper (Hill Orc Fighter)             Turns: 2145, Time: 00:02:30

Health: -6/67      AC:  9    Str: 25    XL:     5   Next: 81%
Magic:  5/5        EV:  7    Int:  8    God:
Gold:   210        SH:  9    Dex: 10    Spells: 4/4 levels left

rFire    . . .     SeeInvis .   a - +0 war axe
rCold    . . .     Gourm    .   c - +0 shield
rNeg     . . .     Faith    .   p - +0 scale mail (curse)
rPois    .         Spirit   .   (no helmet)
rElec    .         Reflect  .   (no cloak)
rCorr    .         Harm     .   g - +1 pair of gloves
MR       .....                  (no boots)
Stlth    ..........             (no amulet)
HPRegen  0.21/turn              o - ring of stealth
MPRegen  0.09/turn              (no ring)

@: berserking, very quick
A: no striking features
a: Convert to Beogh


You were on level 3 of the Dungeon.
You were very hungry.

You visited 1 branch of the dungeon, and saw 3 of its levels.

You collected 210 gold pieces.

Inventory:

Hand Weapons
 a - a +0 war axe (weapon)
Armour
 b - a +0 scale mail
 c - a +0 shield (worn)
 g - a +1 pair of gloves (worn)
 p - a cursed +0 scale mail (worn)
Jewellery
 o - a ring of stealth (left hand)
Scrolls
 e - 2 scrolls of noise {unknown}
 h - 3 scrolls of teleportation {unknown}
 j - a scroll of enchant weapon {unknown}
 k - a scroll of magic mapping {unknown}
 m - 2 scrolls of identify {unknown}
 q - a scroll of fog {unknown}
 t - 2 scrolls of remove curse {unknown}
 u - a scroll of blinking {unknown}
 y - a scroll of immolation {unknown}
 z - a scroll of random uselessness {unknown}
Potions
 d - 3 potions of might
 n - a potion of curing
 r - a potion of flight {unknown}
 s - a potion of degeneration {unknown}
 v - a potion of brilliance {unknown}
 w - a potion of invisibility {unknown}
Comestibles
 f - 8 rations


   Skills:
 - Level 3.6 Fighting
 + Level 7.7 Axes
 - Level 3.2 Armour
 - Level 3.2 Shields


You had 4 spell levels left.
You didn't know any spells.
Your spell library contained the following spells:

 Spells                   Type           Power        Failure   Level  Hunger
 Magic Dart               Conj           #...         99%         1    ##.....
 Blink                    Tloc           N/A          100%        2    ###....
 Call Imp                 Summ           #.......     100%        2    ###....
 Slow                     Hex            #.......     100%        2    ###....
 Conjure Flame            Conj/Fire      #.......     100%        3    ####...
 Mephitic Cloud           Conj/Pois/Air  #.......     100%        3    ####...


Dungeon Overview and Level Annotations

Branches:
Dungeon (3/15)

Altars:
Fedhas
Wu Jian


Message History

You block the adder's attack. x2
The orc wizard mumbles some strange words.
The orc wizard flickers and vanishes!
Deactivating autopickup; reactivate with Ctrl-A.
It was a potion of cancellation.
Your magical effects are unravelling.
You feel magically purged.
You feel a little less mighty now. You block the adder's attack.
You hear some strange, mumbled words.
A puff of flame appears from out of thin air!
The puff of flame hits you.
* * * LOW HITPOINT WARNING * * *
It was a potion of berserk rage.
A red film seems to cover your vision as you go berserk!
You feel yourself moving faster!
You feel mighty! The adder bites you but does no damage.
The orc priest invokes the aid of Beogh against you.
Beogh smites you!
You die...

................# #.#
.###.##########.# #o#
................# #)#
####.############ ########o#
.....# #...# #...{.o..#
###..###...######.#.########
#....'...'(....^#.#
###(####...########.#
..............>S@{oo#
###..##..)....#####.#
#..##......(+ (...
#..##.......# #.###
###..######+### #.# .....#
#.# .....# #.# ###..# .#
#..#


You could see an orc priest, an adder and an orc.

Vanquished Creatures
  A necrophage (D:3)
  A crimson imp (D:3)
  2 adders
  2 worms (D:3)
  2 dart slugs
  A leopard gecko (D:1)
  An orc (D:3)
  5 bats
  3 giant cockroaches
  7 goblins
  8 hobgoblins
  6 jackals (D:1)
  5 kobolds
  A quokka (D:2)
  A ball python (D:1)
  3 frilled lizards
  7 rats
56 creatures vanquished.

Vanquished Creatures (others)
  5 toadstools (D:1)
5 creatures vanquished.

Grand Total: 61 creatures vanquished

Notes
Turn   | Place    | Note
-------+----------+-------------------------------------------
     0 | D:1      | Delamore the Hill Orc Fighter began the quest for the Orb.
     0 | D:1      | Reached XP level 1. HP: 19/19 MP: 1/1
    41 | D:1      | Reached skill level 3 in Axes
    54 | D:1      | Reached XP level 2. HP: 18/26 MP: 2/2
   121 | D:1      | Reached skill level 4 in Axes
   218 | D:1      | Reached XP level 3. HP: 19/31 MP: 3/3
   622 | D:2      | Reached skill level 5 in Axes
   916 | D:2      | Reached XP level 4. HP: 35/39 MP: 4/4
  1337 | D:3      | Noticed a necrophage
  1345 | D:3      | Killed a necrophage
  1345 | D:3      | Reached skill level 7 in Axes
  1345 | D:3      | Reached XP level 5. HP: 42/45 MP: 5/5
  1372 | D:3      | Found a blossoming altar of Fedhas.
  1488 | D:3      | Found an ornate altar of the Wu Jian Council.
  2145 | D:3      | Killed from afar by an orc priest

Levels and vault maps discovered:
D:1:      ldierk_walled_garden, layout_basic
D:2:      minmay_evil_eye, layout_loops_ring, first_ration
D:3:      lemuel_upstairs_altar, layout_basic, overflow_temple_1_default,
          fedhas_altar_1, st_stairs_8

Skill      XL: |  1  2  3  4 |
---------------+-------------+-----
Axes           | 3 4 5 7 |  7.7
Fighting       | |  3.6
Armour         | |  3.2
Shields        | |  3.2

Action                   |  1- 3 |  4- 6 || total
-------------------------+-------+-------++-------
Melee: War axe           |   100 |    73 ||   173
  Use: Potion            |       |     4 ||     4
  Eat: Chunk             |       |     3 ||     3
Armor: Scale mail        |    55 |    37 ||    92
Dodge: Dodged            |    35 |    26 ||    61
Block: Shield            |    50 |    25 ||    75
